 Dungeon Crawl Stone Soup version 0.29.0-4-gdea44cf6ec (webtiles) character file.

Game seed: 9495307796078966248

131 qw the Chopper (level 5, -2/30 HPs)
             Began as a Tengu Warper on Aug 28, 2022.
             Succumbed to Ijyb's poison
             ... on level 4 of the Dungeon.
             The game lasted 00:00:11 (2269 turns).

qw the Chopper (Tengu Warper)                       Turns: 2269, Time: 00:00:11

Health: -2/30      AC: 10    Str: 14    XL:     5   Next: 14%
Magic:  9/9        EV:  7    Int: 13    God:
Gold:   27         SH:  0    Dex: 13    Spells: 8/8 levels left

rFire   . . .      SeeInvis .   Y - +0 hand axe
rCold   . . .      Faith    .   (no shield)
rNeg    . . .      Spirit   .   m - +0 chain mail
rPois   .          Reflect  .   (helmet restricted)
rElec   .          Harm     .   d - +1 cloak
rCorr   .          Rampage  .   (no gloves)
Will    .....                   (boots unavailable)
Stlth   ..........              f - amulet of the acrobat
HPRegen 0.10/turn               (no ring)
MPRegen 0.11/turn               (no ring)

@: lethally poisoned (-2 -> -20), flying quickly and evasively, quick
A: beak, talons 3, nimble flight
a: no special abilities


You were on level 4 of the Dungeon.
You visited 1 branch of the dungeon, and saw 3 of its levels.

You collected 76 gold pieces.
You spent 49 gold pieces at shops.


Innate Abilities, Weirdness & Mutations

You have a beak for a mouth.
You have claws for feet.
Your magical nature lets you fly swiftly and evasively.


   Skills:
 - Level 2.0 Fighting
 + Level 5.3 Axes
 - Level 1.0 Throwing
 - Level 2.1 Armour
 - Level 2.1 Dodging
 - Level 2.0 Spellcasting
 - Level 2.4 Translocations


You had 8 spell levels left.
You didn't know any spells.
Your spell library contained the following spells:

 Spells                   Type           Power      Damage    Failure   Level
 Blink                    Tloc           14%        N/A       98%         2
 Gell's Gravitas          Tloc           7%         N/A       100%        3
 Lesser Beckoning         Tloc           7%         N/A       100%        3
 Teleport Other           Tloc           7%         N/A       100%        3
 Manifold Assault         Tloc           7%         N/A       100%        5

Inventory:

Hand Weapons
 b - a +0 flail
 Y - a +0 hand axe (weapon)
Missiles
 k - a boomerang (quivered)
Armour
 d - a +1 cloak (worn)
 m - a +0 chain mail (worn)
Jewellery
 f - an amulet of the acrobat (around neck)
Potions
 a - a potion of mutation {unknown}
 e - a potion of curing {unknown}
 g - a potion of lignification {unknown}
 i - a potion of magic {unknown}
 j - a potion of might {unknown}

Dungeon Overview and Level Annotations

Branches:
Dungeon (4/15)
 Temple: D:4-7

Altars:
Uskayaw

Shops:
D:4 =([

Annotations:
D:4 Grinder, Ijyb


Message History

Throw: boomerang
Press: ? - help, Q - select action Shift-Dir - straight line, f - kobold You throw a boomerang.
The boomerang closely misses the kobold.
You barely miss Grinder. Your kick misses Grinder.
Grinder is lightly wounded.
Ijyb the Twisted Goblin comes into view.
She is wielding a +2 dagger of venom and carrying a wand of charming (5).
Grinder gestures at you. Pain shoots through your body!
You hit Grinder but do no damage.
Grinder is lightly wounded.
Grinder hits you but does no damage.
You closely miss Grinder. Your peck misses Grinder.
Grinder is lightly wounded.
Grinder gestures at you.
You suddenly lose the ability to move!
Grinder hits you but does no damage. Ijyb screams, "I dance on your bones!"
Grinder hits you but does no damage. Grinder hits you.
You writhe in agony.
Grinder hits you.
You writhe in agony.
You can move again.
You hit Grinder. You claw Grinder.
Grinder is moderately wounded.
Grinder hits you but does no damage.
You barely miss Grinder. Your kick misses Grinder.
Grinder is moderately wounded.
Grinder blinks!
Ijyb hits you but does no damage. The kobold hits you but does no damage.
Grinder blinks!
You hit Ijyb. You claw Ijyb.
Ijyb is moderately wounded.
You miss the kobold.
Ijyb hits you with a +2 dagger of venom.
You are lethally poisoned!
The kobold hits you with a +0 whip.
You hit Ijyb. Your peck misses Ijyb.
Ijyb is moderately wounded.
You hit the kobold but do no damage.
You die...

## .. # .# .#.#####.#
.........# ##.....5.
......gK# #########
#@# ....... ###.###
#######..####8.8.8###
..............}.}...#
#####......#8.\.8#.#
#.........#.}.}.# #
#.##......#8.8.8#
#.##......####.##
#.#....>..# ...


You could see Grinder, Ijyb and a kobold.

Vanquished Creatures
  An iguana (D:4)
  An orc wizard (D:4)
  3 gnolls (D:4)
  An adder (D:2)
  4 orcs (D:4)
  3 endoplasms
  A giant cockroach (D:4)
  3 goblins
  7 hobgoblins
  3 jackals (D:1)
  3 kobolds
  A quokka (D:1)
  A ball python (D:2)
  A bat (D:2)
  3 frilled lizards
  A rat (D:1)
37 creatures vanquished.

Vanquished Creatures (others)
  A plant (D:2)
1 creature vanquished.

Grand Total: 38 creatures vanquished

Notes
Turn   | Place    | Note
-------+----------+-------------------------------------------
     0 | D:1      | qw the Tengu Warper began the quest for the Orb.
     0 | D:1      | Reached XP level 1. HP: 12/12 MP: 4/4
     0 | D:1      | 0 ||| qw: Version: 0.1-a-89-g26bdef1
     0 | D:1      | 0 ||| qw: Game counter: 138
     0 | D:1      | 0 ||| qw: Always use a shield: true
     0 | D:1      | 0 ||| qw: God list: Okawaru
     0 | D:1      | 0 ||| qw: Allow faded altars: false
     0 | D:1      | 0 ||| qw: Do Orc after D:15 true
     0 | D:1      | 0 ||| qw: Do second Lair branch before Depths: true
     0 | D:1      | 0 ||| qw: Lair rune preference: random
     0 | D:1      | 0 ||| qw: Plans: Normal
     0 | D:1      | 0 ||| PLANNING D:1-11
    50 | D:1      | 50 ||| Stepping ~*~*~tactically~*~*~ (stealth).
    53 | D:1      | 53 ||| Stepping ~*~*~tactically~*~*~ (stealth).
   209 | D:1      | Reached skill level 3 in Axes
   209 | D:1      | Reached XP level 2. HP: 17/17 MP: 6/6
   224 | D:1      | Found a faded altar of an unknown god.
   827 | D:1      | 827 ||| UPGRADING to amulet of the acrobat.
   832 | D:1      | 832 ||| READING scroll labelled BIEC GOCUAM.
   833 | D:1      | 833 ||| READING 3 scrolls labelled MIBUWN ISHUPI.
   834 | D:1      | 834 ||| READING scroll labelled DATZEI EVIAS.
   837 | D:1      | 837 ||| READING scroll labelled WEBAXT TUYQ.
   838 | D:1      | 838 ||| DROPPING scroll of blinking.
   839 | D:1      | 839 ||| DROPPING 2 scrolls of noise.
   895 | D:2      | Found a hide-covered altar of Uskayaw.
   900 | D:2      | Reached XP level 3. HP: 21/21 MP: 7/7
   912 | D:2      | 912 ||| Stepping ~*~*~tactically~*~*~ (stealth).
   916 | D:2      | Reached skill level 4 in Axes
   981 | D:2      | You fall into a shaft and drop 2 floors!
  1007 | D:4      | 1007 ||| Stepping ~*~*~tactically~*~*~ (stealth).
  1028 | D:4      | Reached XP level 4. HP: 8/26 MP: 8/8
  1275 | D:4      | 1275 ||| UPGRADING to +0 cloak.
  1280 | D:4      | 1280 ||| UPGRADING to +0 ring mail.
  1290 | D:4      | 1290 ||| DROPPING +0 leather armour.
  1291 | D:4      | 1291 ||| UPGRADING to +0 chain mail.
  1301 | D:4      | 1301 ||| DROPPING +0 ring mail.
  1302 | D:4      | 1302 ||| READING scroll of enchant armour.
  1302 | D:4      | 1302 ||| ENCHANTING +0 cloak.
  1303 | D:4      | 1303 ||| READING scroll labelled HUTOHI VIBBUNT.
  1330 | D:4      | HP: 5/26 [iguana (7)]
  1331 | D:4      | 1331 ||| READING scroll of teleportation.
  1333 | D:4      | Reached skill level 5 in Axes
  1612 | D:4      | Found Plog's Weapon Shop.
  1613 | D:4      | 1613 ||| Stepping ~*~*~tactically~*~*~ (hiding).
  1723 | D:4      | 1723 ||| BUYING +0 flail (49 gold).
  1723 | D:4      | Bought a +0 flail for 49 gold pieces
  1723 | D:4      | 1723 ||| DROPPING +0 club.
  1781 | D:4      | Found Xuwo's Jewellery Boutique.
  1791 | D:4      | 1791 ||| SHOPLISTING ring "Mepradd" {rPois rCorr Int+2
                  | Stlth+} (420 gold, have 16).
  1791 | D:4      | 1791 ||| SHOPLISTING ring of Impatience {rN+ Str+2 Int+6
                  | Dex-3} (496 gold, have 16).
  1791 | D:4      | 1791 ||| SHOPLISTING ring of resist corrosion (220 gold,
                  | have 16).
  1849 | D:4      | Gained mutation: Your magical nature lets you fly swiftly
                  | and evasively. [Tengu growth]
  1849 | D:4      | Reached XP level 5. HP: 11/30 MP: 9/9
  2067 | D:4      | 2067 ||| READING scroll labelled GIH BUSAMYFIXT.
  2068 | D:4      | 2068 ||| READING scroll labelled EVOEWK UL EPNIW.
  2069 | D:4      | 2069 ||| Stepping randomly (stuck).
  2070 | D:4      | 2070 ||| Stepping ~*~*~tactically~*~*~ (cloud).
  2247 | D:4      | Found Titakk's Antique Armour Boutique.
  2253 | D:4      | Noticed Grinder
  2258 | D:4      | Noticed Ijyb
  2260 | D:4      | Paralysed by Grinder for 5 turns
  2268 | D:4      | HP: 5/30 [Ijyb/+2 dagger of venom (5)]
  2268 | D:4      | HP: 2/30 [kobold/+0 whip (3)]
  2269 | D:4      | Succumbed to Ijyb's poison

Levels and vault maps discovered:
D:1:      lemuel_arrival_rhombus, layout_basic,
          hellmonk_ecumenical_altar_pennies_from_heaven, minmay_tetromino_l2
D:2:      layout_basic, basic_altar, hangedman_decor_push,
          minmay_misc_feat_ornament, minmay_shallow_snake_nest
D:4:      layout_basic, minmay_temple_entry_overgrown, serial_shops,
          nicolae_shop_bloodbath_and_beyond, nicolae_stop_n_shop_2,
          shop_fountains, nicolae_stop_n_shop_2,
          nicolae_shop_temple_entry_statues_fountains, corexii_shack,
          grunt_decor_arrowhead, uniq_grinder, uniq_crazy_yiuf_cottage,
          uniq_ijyb

Skill      XL: |  1  2  3  4 |
---------------+-------------+-----
Axes           | 3 4 5 |  5.3
Armour         | 2 |  2.1
Fighting       | |  2.0
Throwing       | |  1.0
Dodging        | |  2.1
Spellcasting   | |  2.0
Translocations | |  2.4

Action                   |  1- 3 |  4- 6 || total
-------------------------+-------+-------++-------
Melee: Hand axe          |    67 |    30 ||    97
       Kick              |    20 |    14 ||    34
       Peck              |     5 |     5 ||    10
       Punch             |     1 |       ||     1
Throw: Boomerang         |     7 |    12 ||    19
  Use: Scroll            |     4 |     5 ||     9
 Stab: Distracted        |     1 |       ||     1
Armor: Leather armour    |    14 |       ||    14
       Chain mail        |       |    14 ||    14
Dodge: Dodged            |    35 |    10 ||    45

Table legend:
 A = Non-vault XP
 B = Vault XP
 C = Vault XP percentage of total XP
 D = Non-vault monster count
 E = Vault monster count
 F = Vault count percentage of total count
                 A         B        C        D         E       F
            +---------+---------+-------+---------+---------+-------
      Total |     182 |       6 |   3.2 |      34 |       3 |   8.1
            +---------+---------+-------+---------+---------+-------
        D:1 |      27 |       4 |  12.9 |      15 |       2 |  11.8
        D:2 |      18 |       0 |   0.0 |       5 |       0 |   0.0
        D:4 |     137 |       2 |   1.4 |      14 |       1 |   6.7
            +---------+---------+-------+---------+---------+-------
